AoeStats
← Horizon

Arena

507713962Analyzed
1v1 RM · 14d ago on Sep 19, 2026· 37m 32s· 2 players
Game mode
Random Map
Map size
Tiny (2 player)
Population
200
Speed
Normal
Resources
Standard
Victory
Conquest
Starting age
Dark Age
Ending age
Imperial Age
RankedLock teamsTeams togetherTeam positionsShared explorationLock speedFull tech treeHidden civsTurbo modeCheats
Victory
Defeat
🇵🇰 Turks · Pakistan
1473
+20
🇺🇸 Huns · United States
1553
-20
Horizon
10:51 Feudal Age
15:31 Castle Age
13:28 Double-Bit Axe
13:45 Horse Collar
16:31 Bow Saw
22:33 Gold Mining
22:38 Stone Mining
22:49 Loom
23:43 Heavy Plow
24:38 Wheelbarrow
24:29 Town Watch
28:32 Imperial Age
26:27 Scale Barding Armor
26:56 Forging
27:37 Chain Barding Armor
28:52 Bloodlines
28:42 Husbandry
28:36 Heavy Camel Rider
29:39 Conscription
30:11 Plate Barding Armor
30:11 Iron Casting
30:49 Fletching
daxaxelrod
11:33 Feudal Age
15:30 Castle Age
13:26 Double-Bit Axe
13:31 Horse Collar
17:22 Bow Saw
17:14 Heavy Plow
17:44 Loom
22:17 Fletching
23:23 Gold Mining
23:30 Bodkin Arrow
24:31 Padded Archer Armor
25:05 Ballistics
25:31 Thumb Ring
27:13 Wheelbarrow
31:17 Imperial Age
29:22 Leather Archer Armor
31:32 Bloodlines
31:22 Husbandry
31:24 Pikeman
32:21 Bracer
34:21 Heavy Cavalry Archer
Connection lost

Rejoining the realm…

Still unreachable

The connection could not be restored.

Session expired

The server has moved on; the page needs a fresh start.